Map: Pillars of Gold LE

Players

AqueroN

  • Race: Terran Terran
  • League: Grandmaster
  • Spawn Location: 1:00

SortOf - Winner!

  • Race: Zerg Zerg
  • League: Grandmaster
  • Spawn Location: 7:00

Event: DreamHack SC2 Masters 2020 Fall

VOD

Have the link to the VOD?

Description

Time

  • Played on: Aug. 29, 2020, 11:21 a.m.
  • Length: 18:30

All games in this series

Show
View Real Time Build Order
Export as new Build Order

AqueroN Terran 

Build Orders: Reaper Expand 

Get SALT Encoding   

  12  0:00  SCV  
  13  0:12  SCV  
  14  0:18  Supply Depot  
  14  0:24  SCV  
  15  0:39  SCV  
  15  0:41  Barracks  
  16  0:46  Refinery  
  16  0:51  SCV  
  17  1:04  SCV  
  18  1:16  SCV  
  19  1:28  Reaper, Orbital Command  
  20  1:43  Command Center  
  20  1:54  SCV  
  20  1:59  Supply Depot  
  20  2:00  Marine  
  22  2:06  SCV  
  23  2:18  Barracks Reactor  
  23  2:20  SCV  
  24  2:23  Factory  
  24  2:30  Refinery  
  24  2:32  SCV  
  25  2:44  SCV  
  26  2:56  SCV  
  26  2:57  Orbital Command  
  27  3:06  Marine  
  27  3:09  SCV  
  27  3:10  Starport  
  29  3:14  Hellion  
  29  3:15  Hellion  
  33  3:21  SCV  
  33  3:25  SCV  
  35  3:33  SCV  
  36  3:34  Barracks Tech Lab  
  36  3:35  Hellion  
  36  3:36  Hellion  
  36  3:38  SCV  
  41  3:45  SCV  
  41  3:47  Viking  
  44  3:52  SCV  
  44  3:54  Supply Depot  
  45  3:57  SCV, Supply Depot  
  45  3:59  Stimpack  
  46  4:16  SCV x2, Hellion x2  
  52  4:20  Command Center  
  52  4:23  Liberator  
  55  4:29  SCV x2, Supply Depot  
  57  4:42  Supply Depot  
  57  4:43  SCV x2  
  59  4:51  Barracks  
  59  4:52  Barracks  
  59  4:55  Factory Reactor  
  59  4:57  SCV x2  
  61  5:01  Engineering Bay  
  61  5:02  Engineering Bay  
  61  5:06  Supply Depot  
  61  5:09  SCV x2, Starport Reactor  
  61  5:14  Marine  
  64  5:21  SCV x2  
  64  5:24  Refinery  
  66  5:29  Terran Infantry Armor Level 1  
  66  5:30  Terran Infantry Weapons Level 1, Barracks  
  66  5:33  Barracks  
  66  5:34  Orbital Command  
  66  5:38  SCV  
  66  5:39  SCV  
  68  5:45  Marine  
  68  5:46  Marine, Factory Tech Lab  
  70  5:50  Marine  
  70  5:52  SCV x2  
  70  5:54  Combat Shield  
  70  5:55  Orbital Command, Marine x2  
  70  5:56  Medivac  
  73  6:00  Medivac  
  75  6:05  SCV x2  
  75  6:06  Marine x2  
  79  6:11  Refinery  
  79  6:14  Marine  
  79  6:15  Marine x2  
  79  6:17  SCV x2  
  84  6:20  Siege Tank  
  84  6:21  Barracks Reactor  
  84  6:24  Barracks Reactor  
  84  6:25  Marine x2  
  89  6:30  SCV x2  
  91  6:39  Supply Depot x2  
  91  6:40  SCV, Supply Depot  
  91  6:42  SCV x2  
  91  6:44  Factory  
  94  6:48  Marine x3  
  94  6:49  Marine x2  
  94  6:53  SCV  
  100  6:54  SCV  
  100  6:58  Supply Depot  
  100  6:59  Armory  
  100  7:00  Marine x3  
  100  7:01  SCV  
  105  7:02  Siege Tank  
  108  7:15  Marine  
  108  7:16  Marine  
  108  7:17  Marine x2  
  108  7:21  Marine x4  
  107  7:23  Medivac  
  107  7:24  Medivac  
  107  7:25  SCV x3  
  107  7:27  Refinery  
  114  7:30  Refinery  
  114  7:31  Command Center  
  114  7:32  Marine  
  114  7:33  Marine x2  
  114  7:35  Siege Tank  
  114  7:36  Factory Reactor  
  120  7:42  Supply Depot  
  120  7:44  Supply Depot, Marine x3  
  120  7:45  Supply Depot  
  120  7:47  Marine x3  
  120  7:49  Marine  
  127  7:51  Terran Infantry Weapons Level 2  
  127  7:54  Marine x2  
  129  8:02  Marine x3  
  129  8:03  Terran Infantry Armor Level 2  
  129  8:05  Marine x2  
  134  8:06  SCV x2  
  134  8:07  SCV  
  134  8:11  Widow Mine  
  134  8:12  Marine x3  
  142  8:16  Marine  
  142  8:18  Widow Mine x2  
  147  8:20  Marine x2  
  147  8:23  Marine x3  
  152  8:29  Bunker, Marine  
  152  8:31  Supply Depot, Marine x2  
  155  8:34  Marine  
  156  8:43  Drilling Claws, Widow Mine x2  
  156  8:46  Supply Depot x2  
  162  8:51  Siege Tank  
  154  8:59  Marine x4  
  154  9:00  Marine x5  
  163  9:03  SCV x3  
  163  9:06  Barracks x2  
  163  9:08  Barracks  
  166  9:15  SCV x3  
  169  9:17  Marine x4  
  169  9:18  Marine  
  169  9:22  Widow Mine x2  
  178  9:24  Planetary Fortress  
  178  9:27  SCV x3  
  178  9:29  Medivac x2  
  185  9:32  Siege Tank  
  188  9:38  Marine  
  188  9:39  Marine  
  190  9:47  Widow Mine x2  
  191  9:58  Marine x2  
  191  9:59  Marine x2  
  167  10:02  Medivac  
  167  10:03  Medivac  
  167  10:05  Widow Mine  
  173  10:08  Widow Mine  
  173  10:11  Terran Infantry Weapons Level 3  
  175  10:18  Marine  
  175  10:20  Marine x5  
  180  10:23  Marine x3  
  180  10:25  Barracks Reactor  
  180  10:26  Barracks Reactor x2  
  180  10:27  Widow Mine  
  180  10:28  Siege Tank  
  187  10:36  Marine  
  174  10:43  Marine x3  
  174  10:47  Marine x2  
  178  10:51  Marine  
  178  10:53  Command Center  
  178  10:55  Marine  
  180  10:59  Supply Depot x2  
  180  11:00  Supply Depot  
  180  11:01  Marine  
  180  11:02  Marauder, Marine x2, Widow Mine x2  
  189  11:20  Marine x11  
  189  11:22  Marine x2  
  194  11:32  Marine x2, Widow Mine x2  
  151  11:36  Widow Mine  
  151  11:38  Marine x3  
  151  11:39  Medivac x2  
  140  11:42  Marine x3  
  140  11:43  Marine x7  
  140  11:46  SCV  
  140  11:47  SCV x2  
  151  11:53  Widow Mine  
  150  11:54  Marine  
  150  11:55  Marine  
  150  12:00  Widow Mine  
  150  12:01  Marine x7  
  158  12:02  Marine x3  
  158  12:03  Marine x2  
  166  12:11  Sensor Tower  
  166  12:12  Marine x2  
  166  12:15  Widow Mine  
  168  12:18  Siege Tank  
  168  12:22  Widow Mine  
  171  12:23  Medivac x2  
  171  12:25  Planetary Fortress  
  175  12:30  Missile Turret  
  175  12:33  Marine x10  
  175  12:34  Marine  
  175  12:36  Marine x3  
  188  12:39  Widow Mine  
  190  12:51  Widow Mine, Siege Tank  
  192  12:55  Marine x2  
  185  12:59  Marine x4  
  185  13:00  Marine x7  
  185  13:01  Marine x2  
  186  13:20  Widow Mine x2  
  186  13:21  Marine x4  
  186  13:22  Marine x2  
  186  13:24  Command Center  
  186  13:26  Marine  
  193  13:37  Marine x6  
  199  13:43  Marine  
  193  14:10  Marine x7  
  146  14:27  Medivac x2, Marine x2  
  146  14:28  Marine x6  
  146  14:29  Marine  
  122  14:34  Widow Mine x2  
  122  14:35  Siege Tank  
  122  14:37  Marauder, Marine x2  
  113  14:46  Planetary Fortress  
  113  14:48  Marine x2  
  113  14:49  Marine x4  
  120  14:55  Widow Mine  
  120  14:56  Widow Mine, Barracks Tech Lab  
  120  14:57  Medivac x2  
  120  14:58  Marauder  
  120  14:59  Barracks Tech Lab  
  125  15:07  Widow Mine  
  125  15:09  Barracks Tech Lab  
  125  15:11  Marine x4  
  131  15:16  Marine x4  
  131  15:17  Marine  
  131  15:20  Widow Mine x2  
  138  15:29  Widow Mine  
  138  15:33  Medivac x2  
  135  15:40  Marine  
  135  15:41  Marine x5, Widow Mine  
  135  15:42  Marauder x4  
  151  15:48  Widow Mine  
  153  15:51  Siege Tank  
  156  15:57  Marine x2  
  156  15:58  Marine  
  156  16:01  Marine x2  
  156  16:03  Medivac x2, Marauder  
  162  16:08  Marine  
  162  16:09  Marine x2  
  162  16:10  Marauder x2  
  166  16:18  Marauder  
  166  16:19  Marine x3  
  166  16:24  Concussive Shells  
  166  16:25  Marauder  
  170  16:31  Marauder  
  172  16:33  Medivac x2  
  172  16:36  Widow Mine x2  
  180  16:43  Marauder x2  
  180  16:45  Marine x2  
  180  16:46  Marauder, Marine x5  
  193  16:48  Widow Mine  
  186  16:58  Marauder, Marine  
  175  17:03  Marine  
  175  17:04  Marauder  
  175  17:05  Marauder  
  184  17:08  Widow Mine x2  
  184  17:12  Orbital Command  
  183  17:24  Marine x2  
  183  17:26  Marine x2  
  183  17:27  Marine x2  
  183  17:29  Medivac x2, Widow Mine  
  188  17:30  Widow Mine  
  188  17:39  SCV x3  
  191  17:44  Marine x2  
  191  17:45  Marine x3  
  191  17:50  Widow Mine  
  177  17:59  Medivac  
Show
View Real Time Build Order
Export as new Build Order

SortOf Zerg - Winner!

Build Orders: Hatch First 

Get SALT Encoding   

  12  0:00  Drone  
  13  0:12  Overlord  
  13  0:17  Drone  
  14  0:31  Drone x2  
  16  0:50  Hatchery  
  16  0:54  Drone  
  16  0:59  Drone  
  16  1:01  Drone  
  18  1:14  Spawning Pool  
  18  1:16  Extractor  
  16  1:19  Drone  
  16  1:25  Drone  
  18  1:30  Drone  
  19  1:39  Drone  
  20  1:51  Overlord  
  20  2:01  Queen x2  
  20  2:02  Zergling x2  
  20  2:04  Zergling x2  
  26  2:12  Drone x2  
  28  2:20  Metabolic Boost  
  28  2:24  Drone x2  
  30  2:37  Queen  
  30  2:39  Drone x2  
  33  2:44  Queen  
  33  2:50  Overlord  
  35  2:56  Overlord  
  35  3:09  Drone x4  
  39  3:14  Drone x3  
  45  3:20  Drone x3  
  45  3:31  Hatchery  
  44  3:35  Drone  
  44  3:36  Drone  
  44  3:39  Overlord  
  46  3:43  Queen  
  46  3:47  Zergling x4  
  50  3:50  Drone  
  51  3:57  Overlord, Queen  
  51  3:59  Zergling x2  
  51  4:00  Drone  
  51  4:01  Drone  
  56  4:04  Drone  
  56  4:08  Overlord  
  56  4:09  Overlord  
  57  4:19  Evolution Chamber  
  57  4:20  Drone  
  57  4:21  Zergling x4, Evolution Chamber  
  57  4:22  Zergling x2  
  59  4:25  Overlord  
  59  4:36  Spore Crawler  
  59  4:37  Drone x3  
  61  4:42  Spore Crawler  
  61  4:44  Zergling x4  
  62  4:46  Zerg Melee Weapons Level 1  
  62  4:49  Zerg Ground Armor Level 1  
  62  4:50  Spore Crawler, Drone  
  62  4:51  Drone  
  64  4:52  Drone  
  64  4:58  Drone x3  
  67  5:04  Drone x4  
  71  5:08  Overlord, Drone  
  72  5:14  Extractor  
  72  5:17  Drone  
  72  5:19  Lair  
  72  5:20  Drone  
  72  5:22  Baneling Nest  
  72  5:25  Drone x3  
  74  5:30  Zergling x8  
  74  5:34  Overlord  
  78  5:35  Drone x2  
  79  5:43  Drone x6  
  79  5:44  Overlord  
  85  5:52  Overlord  
  85  5:55  Drone x4  
  89  6:03  Drone x2  
  91  6:04  Extractor  
  91  6:06  Extractor  
  91  6:07  Drone  
  90  6:12  Zergling x14  
  90  6:13  Extractor  
  90  6:15  Queen  
  98  6:22  Hatchery  
  97  6:30  Overlord  
  97  6:31  Zergling x10  
  102  6:33  Centrifical Hooks  
  102  6:37  Hydralisk Den  
  101  6:41  Baneling x5  
  101  6:43  Overlord  
  101  6:55  Overseer, Drone x6  
  101  6:56  Baneling x2  
  101  6:57  Baneling x4  
  101  6:58  Zergling x12  
  113  7:06  Zergling x6  
  116  7:11  Zerg Melee Weapons Level 2  
  116  7:12  Overlord  
  112  7:22  Overlord  
  108  7:23  Muscular Augments  
  108  7:24  Drone x9  
  108  7:28  Drone  
  108  7:29  Drone  
  119  7:33  Hydralisk  
  119  7:34  Hatchery, Spore Crawler, Hydralisk x2  
  123  7:38  Pneumatized Carapace  
  123  7:39  Drone  
  123  7:41  Extractor  
  123  7:42  Drone  
  124  7:55  Hydralisk x4  
  124  7:56  Zergling x16, Extractor  
  139  8:02  Baneling x3  
  139  8:04  Zergling x4  
  141  8:07  Overlord x2  
  141  8:16  Overseer  
  141  8:23  Hydralisk x2  
  141  8:24  Overlord  
  143  8:32  Infestation Pit  
  143  8:34  Zergling x22, Grooved Spines  
  153  8:36  Hatchery  
  153  8:37  Baneling x2  
  153  8:41  Hydralisk x2  
  152  8:43  Zergling x16  
  161  8:59  Zergling x16  
  161  9:00  Baneling  
  161  9:01  Baneling x13  
  167  9:05  Overlord  
  165  9:11  Zergling x16  
  165  9:16  Baneling x6  
  165  9:17  Baneling x6  
  173  9:21  Overlord  
  170  9:28  Hydralisk x4  
  175  9:32  Zergling x10  
  180  9:39  Zergling x2, Hydralisk x2  
  180  9:40  Zergling x8  
  180  9:42  Baneling  
  180  9:43  Overseer  
  183  9:58  Zergling x8  
  183  9:59  Zergling x16  
  169  10:06  Hive  
  169  10:08  Drone x4  
  169  10:13  Zergling x8  
  167  10:22  Baneling x6  
  167  10:24  Zergling x16  
  175  10:29  Spore Crawler  
  175  10:31  Extractor  
  175  10:32  Zergling x6  
  175  10:33  Zergling x2  
  170  10:39  Hydralisk x4  
  166  10:48  Zergling x10, Hydralisk  
  166  10:49  Zergling x4  
  162  10:54  Zergling x2, Hydralisk x2  
  162  10:55  Zergling x4  
  169  10:57  Overlord  
  169  10:58  Zergling x8  
  169  11:01  Baneling x19  
  173  11:12  Baneling x10  
  173  11:13  Baneling x5  
  173  11:14  Zergling x12  
  179  11:20  Baneling x10  
  179  11:21  Zergling x6, Baneling x2  
  151  11:33  Zergling x28  
  157  11:41  Zergling x16  
  157  11:44  Zerg Ground Armor Level 2  
  165  11:48  Drone x5  
  165  11:52  Drone x4  
  173  11:57  Overseer  
  170  12:09  Overlord, Overseer  
  170  12:13  Zergling x20  
  180  12:21  Hatchery  
  179  12:25  Overlord x2, Baneling x6  
  179  12:26  Baneling x3  
  179  12:27  Adrenal Glands  
  179  12:31  Ultralisk Cavern  
  179  12:34  Zergling x20  
  187  12:37  Baneling x2  
  187  12:51  Zergling x30  
  186  12:58  Zergling x8  
  186  12:59  Zergling x16  
  186  13:01  Baneling x3  
  186  13:02  Baneling  
  186  13:03  Baneling x7  
  184  13:16  Zergling x24  
  191  13:21  Overlord x3, Overseer  
  187  13:28  Baneling  
  187  13:29  Chitinous Plating, Baneling  
  187  13:30  Swarm Host  
  187  13:31  Overlord  
  191  13:34  Drone  
  191  13:44  Ultralisk  
  191  13:46  Baneling x6  
  191  13:47  Overseer, Baneling x5  
  197  13:48  Baneling x11  
  197  13:54  Drone x2  
  199  13:57  Extractor  
  193  14:14  Zergling x16  
  150  14:28  Ultralisk x5  
  167  14:34  Drone x5  
  171  14:41  Hatchery  
  169  14:46  Zergling x4, Ultralisk  
  169  14:48  Anabolic Synthesis  
  169  14:49  Drone  
  178  14:53  Overlord  
  178  14:54  Overseer  
  178  14:57  Baneling x7  
  178  14:58  Overlord, Baneling  
  178  15:00  Zergling x8  
  178  15:05  Zergling x2, Spore Crawler  
  178  15:06  Zergling x4  
  184  15:07  Baneling x3  
  184  15:14  Zerg Melee Weapons Level 3  
  184  15:15  Zergling x8  
  184  15:18  Zergling x2  
  184  15:19  Zergling x6  
  184  15:28  Zergling x14  
  184  15:32  Zergling x12  
  188  15:39  Overseer  
  188  15:41  Viper x2  
  194  15:52  Hydralisk, Baneling x7  
  194  15:54  Zergling x6  
  197  16:06  Hatchery  
  191  16:11  Extractor  
  191  16:15  Extractor  
  191  16:17  Hydralisk x9  
  195  16:37  Zergling x10  
  200  16:40  Spore Crawler, Overseer  
  200  16:44  Spine Crawler  
  193  16:56  Zergling x14  
  188  17:32  Hydralisk x3  
  188  17:33  Hydralisk x2  
  188  17:36  Spire  
  197  17:38  Zergling x4  
  199  17:53  Baneling x4  
  199  17:54  Overseer, Baneling x8  
  199  17:58  Baneling  
  199  17:59  Baneling x12  

Tags
 
Add a new tag
Caveats
  • Supply blocks, unpowered buildings, or Contaminate may cause inaccurate times.
  • Supply counts are checked every 10 seconds.